[Event "89th GER-ch"]
[Site "Dresden"]
[Date "2018.08.04"]
[Round "2"]
[White "Colpe, Malte"]
[Black "Gaede, Derek"]
[Result "1/2-1/2"]
[ECO "C01"]
[WhiteElo "2384"]
[BlackElo "2298"]
[Annotator "NA"]
[PlyCount "84"]
[EventDate "2018.08.03"]
[EventType "swiss"]
[EventCountry "GER"]
[TimeControl "40/5400+30:1800+30"]

1. e4 e6 2. d4 d5 3. exd5 exd5 4. Nf3 Nf6 5. Bd3 Bd6 6. Qe2+ Qe7 7. Qxe7+ Bxe7 8. Bf4 c6 9. O-O O-O 10. Re1 Re8 11. Nbd2 Nbd7 12. Re2 Nf8 13. Rae1 Ne6 14. Be5 a5 15. c3 b6 16. Ng5 h6 17. Nxe6 Bxe6 18. f4 Bd7 19. h3 a4 20. g4 b5 21. Bf5 Bf8 22. Bd3 Nh7 23. f5 f6 24. Bg3 Ng5 25. Kg2 Rxe2+ 26. Rxe2 Re8 27. Rxe8 Bxe8 28. a3 Nf7 29. Nf3 Nd6 30. Kf2 Kf7 31. Ke3 Ke7 32. Bf4 Kd7 33. Ne1 Bf7 34. Nc2 Nc4+ 35. Bxc4 dxc4 36. Bb8 Bd5 37. Kf2 c5 38. Ba7 Be4 39. Ne3 cxd4 40. Bxd4 Bd6 41. Nf1 Bd3 42. Ng3 Bxg3+ {(=)} 1/2-1/2

[Event "89th GER-ch"]
[Site "Dresden"]
[Date "2018.08.04"]
[Round "2"]
[White "Langrock, Hannes"]
[Black "Plassmann, Dominik"]
[Result "1-0"]
[ECO "E00"]
[WhiteElo "2370"]
[BlackElo "2186"]
[Annotator "NA"]
[PlyCount "83"]
[EventDate "2018.08.03"]
[EventType "swiss"]
[EventCountry "GER"]
[SourceTitle "playchess.com"]
[Source "ChessBase"]
[SourceQuality "1"]
[TimeControl "40/5400+30:1800+30"]

1. d4 Nf6 2. c4 e6 3. g3 Bb4+ 4. Bd2 c5 5. Bxb4 cxb4 6. Bg2 O-O 7. e3 a5 8. Ne2 d6 9. O-O Na6 10. a3 Rb8 11. axb4 Nxb4 12. Na3 b6 13. Nc3 Qe7 14. e4 Ba6 15. Re1 Rfc8 16. b3 Nd7 17. Bh3 Rd8 18. f4 Qf6 19. Qd2 Qh6 20. Bg4 Nf6 21. Bf3 e5 22. Rad1 Nc6 23. Nab5 Bxb5 24. Nxb5 exf4 25. e5 dxe5 26. Bxc6 Ng4 27. Bd5 Ne3 28. dxe5 Nxd1 29. Rxd1 fxg3 30. Qxh6 gxh6 31. hxg3 Re8 32. Re1 Rbd8 33. Kf2 Kg7 34. Kf3 Kg6 35. Kf4 Re7 36. Nd6 Ra7 37. Nf5 h5 38. Rh1 f6 39. e6 a4 40. g4 h6 41. Rxh5 Rh8 42. e7 1-0

[Event "89th GER-ch"]
[Site "Dresden"]
[Date "2018.08.04"]
[Round "2"]
[White "Faerber, David"]
[Black "Brustkern, Juergen"]
[Result "1-0"]
[ECO "B67"]
[WhiteElo "2321"]
[BlackElo "2219"]
[Annotator "NA"]
[PlyCount "53"]
[EventDate "2018.08.03"]
[EventType "swiss"]
[EventCountry "GER"]
[SourceTitle "playchess.com"]
[Source "ChessBase"]
[SourceQuality "1"]
[TimeControl "40/5400+30:1800+30"]

1. e4 c5 2. Nf3 Nc6 3. d4 cxd4 4. Nxd4 Nf6 5. Nc3 d6 6. Bg5 e6 7. Qd2 a6 8. O-O-O Bd7 9. f4 b5 10. Bxf6 gxf6 11. Kb1 Qb6 12. Nxc6 Bxc6 13. f5 b4 14. Ne2 e5 15. Ng3 h5 16. h4 Qc5 17. Bd3 Bh6 18. Qe2 Be3 19. Nxh5 Ke7 20. g4 a5 21. g5 fxg5 22. hxg5 Rag8 23. Nf6 Bxg5 24. Nxg8+ Rxg8 25. Rhg1 a4 26. f6+ Kxf6 27. Qf3+ 1-0

[Event "89th GER-ch"]
[Site "Dresden"]
[Date "2018.08.04"]
[Round "2"]
[White "Syrov, Arkadi"]
[Black "Armbrust, Florian"]
[Result "1/2-1/2"]
[ECO "B01"]
[WhiteElo "2295"]
[BlackElo "2300"]
[Annotator "NA"]
[PlyCount "82"]
[EventDate "2018.08.03"]
[EventType "swiss"]
[EventCountry "GER"]
[TimeControl "40/5400+30:1800+30"]

1. e4 d5 2. exd5 Qxd5 3. Nc3 Qd6 4. d4 Nf6 5. Nf3 g6 6. Bc4 Bg7 7. O-O O-O 8. h3 a6 9. a4 Nbd7 10. Re1 b6 11. b3 Bb7 12. Ba3 c5 13. d5 Rfe8 14. Bb2 Rad8 15. Qd3 Qb8 16. Rad1 Qa8 17. Bc1 Nf8 18. Bf4 e6 19. d6 N8d7 20. Bh2 Nb8 21. Ng5 Nc6 22. Nxf7 Kxf7 23. Rxe6 Rxe6 24. Bxe6+ Kf8 25. d7 Bh6 26. Qd6+ Kg7 27. Nd5 Qb8 28. Nxf6 Kxf6 29. Bg4+ Qxd6 30. Bxd6 Bf8 31. Bc7 Be7 32. Bxd8 Nxd8 33. h4 h5 34. Be2 a5 35. Bc4 Be4 36. Rd2 Bf5 37. f3 Be6 38. Bb5 Ke5 39. g3 Kf6 40. Kf2 Nf7 41. Ke3 Bd8 {(=)} 1/2-1/2

[Event "89th GER-ch"]
[Site "Dresden"]
[Date "2018.08.04"]
[Round "2"]
[White "Svane, Frederik"]
[Black "Adiyaman, Rene"]
[Result "1/2-1/2"]
[ECO "C65"]
[WhiteElo "2292"]
[BlackElo "2097"]
[Annotator "NA"]
[PlyCount "124"]
[EventDate "2018.08.03"]
[EventType "swiss"]
[EventCountry "GER"]
[TimeControl "40/5400+30:1800+30"]

1. e4 e5 2. Nf3 Nc6 3. Bb5 Nf6 4. d3 Bc5 5. Bxc6 dxc6 6. O-O Qe7 7. Nbd2 Bg4 8. Nc4 Nd7 9. Ne3 Be6 10. b3 f6 11. Bb2 Nf8 12. Nh4 g6 13. Nf3 h5 14. Qe2 O-O-O 15. Rfd1 Bf7 16. c3 Ne6 17. Qf1 h4 18. d4 Bb6 19. d5 Nc5 20. dxc6 Nxe4 21. cxb7+ Kxb7 22. Qe2 Rxd1+ 23. Rxd1 Rd8 24. Rxd8 Qxd8 25. Nd1 Nc5 26. Nxh4 f5 27. Nf3 Nd3 28. Ne1 Nf4 29. Qc2 Bd5 30. Bc1 Be4 31. Qd2 Qg5 32. Ne3 Nh3+ 33. Kf1 f4 34. Nd1 Qh4 35. Qe2 Bc6 36. gxh3 Qxh3+ 37. Kg1 g5 38. Ne3 fxe3 39. Bxe3 Bxe3 40. Qxe3 Qg4+ {(=)} 41. Kf1 e4 42. c4 Qh5 43. Kg1 Qg4+ 44. Kf1 Qh5 45. a4 Qxh2 46. a5 Qf4 47. Qxf4 gxf4 48. Ng2 Ka6 49. b4 Ba4 50. Nxf4 Bb3 51. Ke1 Bxc4 52. Kd2 Kb5 53. Kc3 c5 54. bxc5 Kxc5 55. Nh5 Ba6 56. Ng3 Bb7 57. Kd2 Kb5 58. Ke3 Kxa5 59. Nxe4 Kb4 60. Kd4 a5 61. Nc5 a4 62. Nxa4 Kxa4 1/2-1/2

[Event "89th GER-ch"]
[Site "Dresden"]
[Date "2018.08.04"]
[Round "2"]
[White "Heimrath, Reiner"]
[Black "Zude, Arno"]
[Result "0-1"]
[ECO "A11"]
[WhiteElo "2200"]
[BlackElo "2373"]
[Annotator "NA"]
[PlyCount "84"]
[EventDate "2018.08.03"]
[EventType "swiss"]
[EventCountry "GER"]
[SourceTitle "playchess.com"]
[Source "ChessBase"]
[SourceQuality "1"]
[TimeControl "40/5400+30:1800+30"]

1. Nf3 d5 2. g3 c6 3. Bg2 Bg4 4. c4 e6 5. h3 Bh5 6. O-O Nd7 7. cxd5 cxd5 8. Nc3 Ne7 9. d3 Nc6 10. d4 Be7 11. a3 O-O 12. b4 Rc8 13. Na4 b5 14. g4 Bg6 15. Nc5 Nb6 16. Bf4 Nc4 17. Qb3 a5 18. Rad1 Re8 19. Bg3 h6 20. e3 Qb6 21. Ne1 Ra8 22. Ned3 Ra7 23. Qc3 Rea8 24. Nf4 axb4 25. axb4 Ra3 26. Qe1 Bc2 27. Ra1 Bh7 28. Rxa3 Rxa3 29. e4 dxe4 30. Bxe4 Bxe4 31. Qxe4 Nd2 32. Qg2 Nxd4 33. Kh1 N4f3 34. Nfd3 Qd8 35. Ne5 Qd5 36. Rd1 Bxc5 37. Nxf3 Nxf3 38. Rxd5 Ra1+ 39. Qf1 Rxf1+ 40. Kg2 exd5 41. bxc5 Rc1 42. Kxf3 Rxc5 0-1

[Event "89th GER-ch"]
[Site "Dresden"]
[Date "2018.08.04"]
[Round "2"]
[White "Heinert, Eugen"]
[Black "Fischer, Sebastian"]
[Result "1/2-1/2"]
[ECO "A87"]
[WhiteElo "2146"]
[BlackElo "2292"]
[Annotator "NA"]
[PlyCount "79"]
[EventDate "2018.08.03"]
[EventType "swiss"]
[EventCountry "GER"]
[SourceTitle "playchess.com"]
[Source "ChessBase"]
[SourceQuality "1"]
[TimeControl "40/5400+30:1800+30"]

1. d4 f5 2. Nf3 Nf6 3. g3 g6 4. Bg2 Bg7 5. O-O O-O 6. c4 d6 7. b3 e5 8. e3 e4 9. Nfd2 c5 10. Bb2 Nc6 11. Nc3 cxd4 12. exd4 d5 13. Ne2 g5 14. f4 h6 15. h3 Re8 16. a3 a5 17. c5 b6 18. Rc1 Be6 19. Nb1 Rb8 20. Qd2 Nd7 21. b4 axb4 22. axb4 bxc5 23. bxc5 Rb3 24. Qc2 Rb7 25. Bc3 Qa8 26. Nd2 Qa6 27. Rfe1 Qd3 28. Qa4 Rc8 29. Bf1 gxf4 30. gxf4 Bf6 31. Kh1 Nf8 32. Qc2 Qe3 33. Bg2 Rg7 34. Nb3 Rxg2 35. Kxg2 Qf3+ 36. Kh2 Qf2+ 37. Kh1 Qf3+ 38. Kh2 Qf2+ 39. Kh1 Qf3+ 40. Kh2 1/2-1/2

[Event "89th GER-ch"]
[Site "Dresden"]
[Date "2018.08.04"]
[Round "2"]
[White "Proschmann, Tino"]
[Black "Poetsch, Hagen"]
[Result "0-1"]
[ECO "B28"]
[WhiteElo "2092"]
[BlackElo "2513"]
[Annotator "ChessBase"]
[PlyCount "82"]
[EventDate "2018.08.03"]
[EventType "swiss"]
[EventCountry "GER"]
[SourceTitle "playchess.com"]
[Source "ChessBase"]
[SourceQuality "1"]
[TimeControl "40/5400+30:1800+30"]

1. e4 c5 2. Nf3 a6 3. c3 d5 4. exd5 Qxd5 5. d4 e6 6. Be3 Nd7 7. Be2 Ngf6 8. O-O Bd6 9. h3 O-O 10. a4 b6 11. c4 Qc6 12. Nc3 Bb7 13. d5 exd5 14. cxd5 Qc7 15. Bc4 Ne5 16. Nxe5 Bxe5 17. Qf3 Rad8 18. Rad1 Rd7 19. Bg5 h6 20. Bh4 Ne8 21. Bd3 Nd6 22. Rfe1 Re8 23. Bf5 Nxf5 24. Qxf5 g6 25. Qf3 f5 26. Bf6 Rf7 27. Rxe5 Rxe5 28. Bxe5 Qxe5 29. Qg3 Qxg3 30. fxg3 Kf8 31. Kf2 Ke8 32. Kf3 Kd7 33. h4 Kd6 34. Kf4 Bc8 35. Re1 Bd7 36. Re3 b5 37. axb5 axb5 38. Rd3 Re7 39. Rd1 b4 40. Nb1 Re4+ 41. Kf3 Bb5 0-1

[Event "89th GER-ch"]
[Site "Dresden"]
[Date "2018.08.04"]
[Round "2.2"]
[White "Miller, Eduard"]
[Black "Reuker, Jari"]
[Result "1-0"]
[ECO "C00"]
[WhiteElo "2309"]
[BlackElo "2404"]
[Annotator "NA"]
[PlyCount "125"]
[EventDate "2018.08.03"]
[EventType "swiss"]
[EventCountry "GER"]
[SourceTitle "playchess.com"]
[Source "ChessBase"]
[SourceQuality "1"]
[TimeControl "40/5400+30:1800+30"]

1. Nf3 Nf6 2. g3 d5 3. Bg2 e6 4. O-O Be7 5. d3 O-O 6. Nbd2 c5 7. e4 Nc6 8. Re1 b5 9. e5 Nd7 10. Nf1 Bb7 11. h4 Qc7 12. Bf4 Rfc8 13. Ne3 Qd8 14. c4 bxc4 15. dxc4 d4 16. Ng4 h6 17. Nd2 Bf8 18. Ne4 Rcb8 19. Bxh6 Ncxe5 20. Nxe5 Nxe5 21. Bf4 Nxc4 22. Bxb8 Bxe4 23. Bxe4 Rxb8 24. b3 Nb6 25. Qh5 f5 26. Bd3 Qf6 27. Re2 g6 28. Qg5 Kf7 29. Rae1 Re8 30. Bb5 Re7 31. Re5 Qxg5 32. hxg5 Bg7 33. Rxc5 e5 34. a4 e4 35. a5 Nd7 36. Bc4+ Kf8 37. Rc8+ Re8 38. Rxe8+ Kxe8 39. Bb5 Ke7 40. Bxd7 Kxd7 41. f3 d3 42. fxe4 Bc3 43. Rc1 fxe4 44. Kf1 d2 45. Rb1 Kd6 46. Ke2 Kc5 47. Ke3 Bxa5 48. Kxe4 Bd8 49. Kd3 Bxg5 50. Kc2 Be3 51. Ra1 Kb5 52. Ra4 a5 53. Re4 Bf2 54. Rg4 Be3 55. Rxg6 a4 56. bxa4+ Kxa4 57. Re6 Bg5 58. Re4+ Ka3 59. Re5 Bh6 60. g4 Kb4 61. g5 Bf8 62. Rf5 Bg7 63. Rf7 1-0

[Event "89th GER-ch"]
[Site "Dresden"]
[Date "2018.08.04"]
[Round "2.3"]
[White "Rehberg, Raphael"]
[Black "Gschnitzer, Adrian"]
[Result "0-1"]
[ECO "B31"]
[WhiteElo "2234"]
[BlackElo "2333"]
[Annotator "NA"]
[PlyCount "86"]
[EventDate "2018.08.03"]
[EventType "swiss"]
[EventCountry "GER"]
[SourceTitle "playchess.com"]
[Source "ChessBase"]
[SourceQuality "1"]
[TimeControl "40/5400+30:1800+30"]

1. e4 c5 2. Nf3 Nc6 3. Bb5 g6 4. Bxc6 bxc6 5. O-O Bg7 6. Re1 Nh6 7. c3 O-O 8. d4 cxd4 9. cxd4 d5 10. Qc2 dxe4 11. Qxe4 Be6 12. Nc3 Nf5 13. Qxc6 Rc8 14. Qe4 Nxd4 15. Nxd4 Qxd4 16. Qxd4 Bxd4 17. Be3 Rfd8 18. Rad1 Bxe3 19. fxe3 Bc4 20. a3 Bb3 21. Rd4 a5 22. Kf2 e5 23. Rxd8+ Rxd8 24. e4 f6 25. Ke3 Kf7 26. Re2 f5 27. g3 Bc4 28. Rc2 Rd3+ 29. Kf2 Bb3 30. Re2 f4 31. gxf4 exf4 32. e5 g5 33. Ne4 g4 34. Nf6 g3+ 35. hxg3 fxg3+ 36. Kg1 Ba4 37. Nxh7 Kg6 38. Nf8+ Kf5 39. e6 Bc6 40. Re1 Rd2 41. Rc1 Bf3 42. Kf1 Rh2 43. Rc5+ Kf6 0-1

[Event "89th GER-ch"]
[Site "Dresden"]
[Date "2018.08.04"]
[Round "2.4"]
[White "Buhmann, Rainer"]
[Black "Gungl, Theo"]
[Result "1/2-1/2"]
[ECO "A31"]
[WhiteElo "2581"]
[BlackElo "2283"]
[Annotator "ChessBase"]
[PlyCount "162"]
[EventDate "2018.08.03"]
[EventType "swiss"]
[EventCountry "GER"]
[SourceTitle "playchess.com"]
[Source "ChessBase"]
[SourceQuality "1"]
[TimeControl "40/5400+30:1800+30"]

1. e4 c5 2. Nf3 d6 3. d4 cxd4 4. Nxd4 Nf6 5. f3 e6 6. Be3 a6 7. c4 Be7 8. Nc3 O-O 9. Be2 b6 10. O-O Bb7 11. Qd2 Nbd7 12. a4 Nc5 13. Rab1 Qe8 14. b3 Rc8 15. Rfe1 Ncd7 16. Bf1 Qd8 17. Rec1 Qc7 18. Qa2 Rfd8 19. Qf2 Bf8 20. b4 Ne5 21. Nb3 Nfd7 22. Na2 a5 23. bxa5 bxa5 24. Nc3 Nc6 25. Nd5 exd5 26. cxd5 Nc5 27. dxc6 Bxc6 28. Qa2 Nxa4 29. Nd4 Nc5 30. Nxc6 Qxc6 31. Qxa5 Qc7 32. Qd2 Rb8 33. Qc2 Rxb1 34. Rxb1 Rb8 35. Ra1 g6 36. Rd1 Qe7 37. Qd2 Ne6 38. Bc4 Qf6 39. Qd3 Rb2 40. Bxe6 Qxe6 41. Bd4 Rb3 42. Qc2 Bg7 43. Bxg7 Kxg7 44. Qc6 Rb2 45. Qxd6 Qa2 46. Qe5+ Kh6 47. Qf4+ Kg7 48. Qe5+ Kh6 49. Qg3 Qb3 50. Re1 Qb6+ 51. Kh1 Rb1 52. h3 Kg7 53. Rxb1 Qxb1+ 54. Kh2 h5 55. Qe5+ Kg8 56. Qe8+ Kg7 57. Qe5+ Kg8 58. Qf6 Qe1 59. h4 Qf2 60. Qf4 Qe1 61. Qg3 Qe3 62. Qb8+ Kg7 63. Qb2+ Kg8 64. Kg3 Qe1+ 65. Qf2 Qc3 66. Qe2 Kg7 67. Kh3 Kg8 68. e5 Qc8+ 69. Kg3 Qe6 70. Qe4 Kg7 71. Qd4 Kg8 72. Qe4 Qd7 73. Qf4 Qd1 74. Qe3 Qd5 75. Kf4 Qc4+ 76. Kg5 Kg7 77. Qf4 Qd5 78. Qf6+ Kh7 79. Qf4 Qd8+ 80. Qf6 Qd2+ 81. Qf4 Qd8+ {[%emt 0:01:18] --- Qd2 --- f6+} 1/2-1/2

[Event "89th GER-ch"]
[Site "Dresden"]
[Date "2018.08.05"]
[Round "3.3"]
[White "Faerber, David"]
[Black "Langrock, Hannes"]
[Result "1/2-1/2"]
[ECO "C07"]
[WhiteElo "2321"]
[BlackElo "2370"]
[Annotator "NA"]
[PlyCount "96"]
[EventDate "2018.08.03"]
[EventType "swiss"]
[EventCountry "GER"]
[SourceTitle "playchess.com"]
[Source "ChessBase"]
[SourceQuality "1"]
[TimeControl "40/5400+30:1800+30"]

1. e4 e6 2. d4 d5 3. Nd2 c5 4. Ngf3 cxd4 5. exd5 Qxd5 6. Bc4 Qd6 7. O-O Nf6 8. Nb3 Nc6 9. Nbxd4 Nxd4 10. Nxd4 a6 11. Bb3 Qc7 12. Qe2 Bd6 13. h3 O-O 14. Bg5 Qc5 15. Be3 Qc7 16. Rad1 Bh2+ 17. Kh1 Bf4 18. Bxf4 Qxf4 $11 19. Qf3 Qc7 20. Kg1 Bd7 21. c3 Rfd8 22. Qe3 Bc6 23. Nxc6 Qxc6 24. Rd4 Rxd4 25. Qxd4 Qc7 26. Rd1 Rc8 27. Qd6 Qxd6 28. Rxd6 Kf8 29. Kf1 Ke7 30. Rd1 g5 31. Ke2 Rc5 32. Rd4 b5 33. a4 h6 34. Kd2 Rf5 35. Ke2 Re5+ 36. Kf1 Rc5 37. g3 Re5 38. Bc2 Rc5 39. Kg2 Re5 40. Bd3 Ne8 41. axb5 axb5 42. c4 bxc4 43. Bxc4 Re1 44. Rd2 Re4 45. Bf1 Rb4 46. Kf3 Nf6 47. Ke3 Nd5+ 48. Kd3 h5 1/2-1/2

[Event "89th GER-ch"]
[Site "Dresden"]
[Date "2018.08.06"]
[Round "4"]
[White "Buhmann, Rainer"]
[Black "Heinert, Eugen"]
[Result "1-0"]
[ECO "A13"]
[WhiteElo "2581"]
[BlackElo "2146"]
[Annotator "RC"]
[PlyCount "109"]
[EventDate "2018.08.03"]
[EventType "swiss"]
[EventCountry "GER"]
[SourceTitle "playchess.com"]
[Source "ChessBase"]
[SourceQuality "1"]
[TimeControl "40/5400+30:1800+30"]

1. Nf3 d5 2. c4 e6 3. e3 Nf6 4. b3 b6 5. Bb2 Bb7 6. cxd5 exd5 7. Bb5+ c6 8. Be2 Nbd7 9. O-O Bd6 10. Nd4 g6 11. f4 Qe7 12. Qe1 c5 13. Nb5 Bb8 14. Bf3 O-O 15. Qh4 Re8 16. Qh6 Qf8 17. Qh3 Qe7 18. N1c3 a6 19. Na3 Bd6 20. Rae1 b5 21. Nc2 b4 22. Nd1 Ne4 23. Re2 a5 24. d3 Ba6 25. dxe4 dxe4 26. Bg4 f5 27. Bxf5 gxf5 28. Rd2 Bxf1 29. Qg3+ Kf8 30. Rd5 Rec8 31. Rxf5+ Ke8 32. Qg8+ Nf8 33. Bg7 Bd3 34. Bxf8 Qxf8 35. Rxf8+ Bxf8 36. Ne1 Bb1 37. Qe6+ Kd8 38. Nf2 Ra7 39. Qb6+ Rcc7 40. Qf6+ Ke8 41. Qb2 Bxa2 42. Qxa2 c4 43. Qa4+ Ke7 44. Nxe4 Bg7 45. Nc2 Rab7 46. Kf2 cxb3 47. Qxb3 a4 48. Qxa4 b3 49. Na3 b2 50. Nb1 Rc1 51. Qa3+ Kd8 52. Qa8+ Kc7 53. Ned2 Rb6 54. Qg8 Bc3 55. Nxc3 1-0

[Event "89th GER-ch"]
[Site "Dresden"]
[Date "2018.08.06"]
[Round "4"]
[White "Heimrath, Reiner"]
[Black "Proschmann, Tino"]
[Result "1-0"]
[ECO "B23"]
[WhiteElo "2200"]
[BlackElo "2092"]
[Annotator "NA RC"]
[PlyCount "81"]
[EventDate "2018.08.03"]
[EventType "swiss"]
[EventCountry "GER"]
[SourceTitle "playchess.com"]
[Source "ChessBase"]
[SourceQuality "1"]
[TimeControl "40/5400+30:1800+30"]

1. e4 c5 2. Nc3 Nc6 3. d3 g6 4. Be3 d6 5. d4 cxd4 6. Bxd4 Nxd4 7. Qxd4 Nf6 8. e5 dxe5 9. Bb5+ Bd7 10. Qxe5 a6 11. Bxd7+ Qxd7 12. Rd1 Qg4 13. Nge2 Bg7 14. O-O O-O 15. Rd4 Qf5 16. Qxf5 gxf5 17. Rb4 Rab8 18. a4 Rfd8 19. Rd1 Rxd1+ 20. Nxd1 Rd8 21. Rd4 Rxd4 22. Nxd4 e6 23. Nb3 Nd7 24. Na5 Nc5 25. b3 Kf8 26. Kf1 Ke7 27. Ke2 Kd7 28. Nc4 b5 29. axb5 axb5 30. Nd2 Kc6 31. f3 Bd4 32. Nf2 Be5 33. g3 Bf6 34. Nd3 Nxd3 35. Kxd3 h5 36. f4 Be7 37. Nf3 Bf6 38. c4 bxc4+ 39. Kxc4 Kd6 40. b4 Kc6 41. Ne5+ 1-0

[Event "89th GER-ch"]
[Site "Dresden"]
[Date "2018.08.06"]
[Round "4.1"]
[White "Kvetny, Mark"]
[Black "Poetsch, Hagen"]
[Result "1/2-1/2"]
[ECO "A17"]
[WhiteElo "2421"]
[BlackElo "2513"]
[Annotator "ChessBase"]
[PlyCount "102"]
[EventDate "2018.08.03"]
[EventType "swiss"]
[EventCountry "GER"]
[SourceTitle "playchess.com"]
[Source "ChessBase"]
[SourceQuality "1"]
[TimeControl "40/5400+30:1800+30"]

1. c4 e6 2. Nc3 Bb4 3. Qb3 Nc6 4. Nf3 Nf6 5. a3 Bxc3 6. Qxc3 d5 7. e3 O-O 8. b4 Re8 9. b5 Ne4 10. Qc2 Na5 11. Be2 b6 12. O-O Bb7 13. d3 Nc5 14. cxd5 Qxd5 15. Bb2 a6 16. a4 Qb3 17. Qc3 Qxc3 18. Bxc3 Nab3 19. Rab1 axb5 20. d4 bxa4 21. dxc5 Nxc5 22. Bb4 Be4 23. Rb2 Nd3 24. Bxd3 Bxd3 25. Rc1 Red8 26. Ne5 f6 27. Nxd3 Rxd3 28. Kf1 a3 29. Ra2 c5 30. Be1 Rb3 31. Ke2 Kf7 32. Kd1 Ke8 33. Kc2 c4 34. Rb1 Rxb1 35. Kxb1 Ra4 36. Rc2 b5 37. Ka2 Ra7 38. Bb4 Ra4 39. Be1 Ra7 40. Bb4 Kd7 41. Rc3 Ra4 42. Bc5 Kc6 43. Bf8 Ra8 44. Be7 Ra7 45. Bb4 Ra4 46. Bf8 Ra8 47. Bxa3 Kd5 48. Kb2 b4 49. Bxb4 Rb8 50. Ka3 Ra8+ 51. Kb2 Rb8 1/2-1/2

[Event "89th GER-ch"]
[Site "Dresden"]
[Date "2018.08.06"]
[Round "4.2"]
[White "Reuker, Jari"]
[Black "Gschnitzer, Adrian"]
[Result "1/2-1/2"]
[ECO "A58"]
[WhiteElo "2404"]
[BlackElo "2333"]
[Annotator "NA"]
[PlyCount "100"]
[EventDate "2018.08.03"]
[EventType "swiss"]
[EventCountry "GER"]
[SourceTitle "playchess.com"]
[Source "ChessBase"]
[SourceQuality "1"]
[TimeControl "40/5400+30:1800+30"]

1. d4 Nf6 2. c4 c5 3. d5 b5 4. cxb5 a6 5. bxa6 g6 6. Nc3 {[%emt 1:32:16] A58: Benko/Volga Gambit: Lines with 5 bxa6} Bg7 {[%emt 1:31:36] LiveBook: 524 Games} 7. e4 (7. Nf3 O-O 8. g3 d6 9. Bg2 Nxa6 10. O-O Bf5 11. Nh4 Bd7 12. b3 Qb6 13. Bd2 Rfb8 14. Re1 Nc7 15. Qc2 Ra3 16. Qc1 Qa7 17. e4 Ng4 18. h3 {0-1 (38) Li,C (2732)-Shankland,S (2671) Liaocheng 2018}) 7... O-O 8. Nf3 Qa5 9. Bd2 Bxa6 10. Be2 Bxe2 11. Qxe2 Qa6 12. a4 e6 13. dxe6 $146 ({Predecessor:} 13. d6 Nc6 {0-1 (84) Gorti,A (2186)-Vigoa Apecheche,Y (2245) Manchester 2015}) 13... dxe6 14. Nb5 Nc6 15. Bc3 Rfb8 ({Black should play} 15... Rab8 $14) 16. Nc7 $16 Qxe2+ 17. Kxe2 Ra7 18. Nb5 Rd7 19. Rhd1 Rxd1 20. Rxd1 Nxe4 21. Bxg7 Kxg7 22. Rd7 Ra8 23. Rc7 Nb4 24. b3 Nd5 25. Rb7 c4 26. bxc4 Nc5 27. Ra7 Rxa7 28. Nxa7 Nc3+ 29. Ke3 N3xa4 30. Nd2 f6 31. f4 Kf7 32. Kd4 h6 33. Nc8 Nd7 34. Ne4 f5 35. Ned6+ Kf6 36. Ne8+ Kf7 37. Nc7 Ndc5 38. g3 Kf6 39. Nd6 Nb3+ 40. Kd3 Nbc5+ 41. Ke3 g5 42. Ncb5 e5 43. Ne8+ Ke7 44. Nec7 exf4+ 45. gxf4 gxf4+ 46. Kxf4 Nb6 47. Kxf5 Nxc4 48. Kg6 Ne5+ 49. Kxh6 Ng4+ 50. Kg5 Nxh2 1/2-1/2

[Event "89th GER-ch"]
[Site "Dresden"]
[Date "2018.08.06"]
[Round "4.3"]
[White "Langrock, Hannes"]
[Black "Armbrust, Florian"]
[Result "1/2-1/2"]
[ECO "D73"]
[WhiteElo "2370"]
[BlackElo "2300"]
[Annotator "NA"]
[PlyCount "80"]
[EventDate "2018.08.03"]
[EventType "swiss"]
[EventCountry "GER"]
[SourceTitle "playchess.com"]
[Source "ChessBase"]
[SourceQuality "1"]
[TimeControl "40/5400+30:1800+30"]

1. d4 d5 2. Nf3 Nf6 3. g3 g6 4. Bg2 Bg7 5. c4 c6 6. cxd5 cxd5 7. Ne5 Nc6 8. O-O Qb6 9. Nxc6 bxc6 10. Nc3 Nd7 {[%emt 1:14:30] LiveBook: 3 Games} 11. e3 O-O $11 12. Na4 Qb5 13. b3 Ba6 14. Bb2 Rfc8 15. Rc1 e6 16. Qd2 c5 17. dxc5 Bxb2 18. Qxb2 Nxc5 19. Nxc5 Rxc5 20. Rxc5 Qxc5 21. Rc1 Qb6 22. h4 h5 23. Qf6 Rc8 24. Rxc8+ Bxc8 25. Qc3 Bd7 26. b4 Qa6 27. a3 Bb5 28. Bf3 Qa4 29. Qc8+ Kg7 30. Qc3+ Kg8 31. Kg2 Qa6 32. Kg1 Qa4 33. g4 hxg4 34. Bxg4 Qa6 35. h5 gxh5 36. Bxh5 Be2 37. Qe5 Bxh5 38. Qxh5 Qxa3 39. Qg5+ Kf8 40. Qd8+ Kg7 1/2-1/2

[Event "89th GER-ch"]
[Site "Dresden"]
[Date "2018.08.06"]
[Round "4.4"]
[White "Gungl, Theo"]
[Black "Faerber, David"]
[Result "1/2-1/2"]
[ECO "B13"]
[WhiteElo "2283"]
[BlackElo "2321"]
[Annotator "NA"]
[PlyCount "80"]
[EventDate "2018.08.03"]
[EventType "swiss"]
[EventCountry "GER"]
[SourceTitle "playchess.com"]
[Source "ChessBase"]
[SourceQuality "1"]
[TimeControl "40/5400+30:1800+30"]

1. e4 c6 2. d4 d5 3. exd5 cxd5 4. Bd3 Nc6 5. c3 Nf6 6. Bf4 Bg4 7. Ne2 e6 8. Qb3 Qd7 9. O-O Bd6 $11 10. Bxd6 Qxd6 11. Ng3 O-O 12. h3 Bh5 13. Nd2 Bg6 14. Bxg6 hxg6 15. Nf3 Rab8 16. Qb5 a6 17. Qe2 Rfc8 18. Ne5 Na5 19. h4 Nc4 20. f4 Qe7 21. h5 Nxh5 22. Nxh5 gxh5 23. Qxh5 g6 24. Qh6 Ne3 25. Rf3 Nf5 26. Qg5 Qxg5 27. fxg5 Rc7 28. Rh3 Kg7 29. Ng4 Rcc8 30. Kf2 Rh8 31. Rah1 Rxh3 32. Rxh3 Rh8 33. Rxh8 Kxh8 34. Ne5 Kg7 35. Nd7 Nd6 36. Nc5 Kf8 37. Kf3 Ke7 38. Kf4 a5 39. b3 b6 40. Na4 b5 1/2-1/2

[Event "89th GER-ch"]
[Site "Dresden"]
[Date "2018.08.06"]
[Round "5.1"]
[White "Poetsch, Hagen"]
[Black "Gschnitzer, Adrian"]
[Result "1/2-1/2"]
[ECO "B31"]
[WhiteElo "2513"]
[BlackElo "2333"]
[Annotator "ChessBase"]
[PlyCount "55"]
[EventDate "2018.08.03"]
[EventType "swiss"]
[EventCountry "GER"]
[SourceTitle "playchess.com"]
[Source "ChessBase"]
[SourceQuality "1"]
[TimeControl "40/5400+30:1800+30"]

1. e4 c5 2. Nf3 Nc6 3. Bb5 g6 4. c3 Bg7 5. d4 Qb6 6. Bxc6 bxc6 7. O-O Nh6 8. Re1 O-O 9. Na3 cxd4 10. cxd4 d5 11. h3 Bb7 12. e5 f6 13. exf6 exf6 14. Bf4 Nf7 15. Qd2 Rae8 16. Rac1 Re4 17. Nb1 Rxf4 18. Qxf4 Bh6 19. Qxf6 Ng5 20. Qd6 Nxf3+ 21. gxf3 Bxc1 22. Qe6+ Kg7 23. Qe5+ Kg8 24. Qe6+ Kg7 25. Qe5+ Kg8 26. Qe6+ Kg7 27. Qe5+ Kg8 28. Qe6+ 1/2-1/2

[Event "89th GER-ch"]
[Site "Dresden"]
[Date "2018.08.06"]
[Round "5.3"]
[White "Faerber, David"]
[Black "Buhmann, Rainer"]
[Result "0-1"]
[ECO "C77"]
[WhiteElo "2321"]
[BlackElo "2581"]
[Annotator "ChessBase"]
[PlyCount "46"]
[EventDate "2018.08.03"]
[EventType "swiss"]
[EventCountry "GER"]
[SourceTitle "playchess.com"]
[Source "ChessBase"]
[SourceQuality "1"]
[TimeControl "40/5400+30:1800+30"]

1. e4 e5 2. Nf3 Nc6 3. Bb5 a6 4. Ba4 Nf6 5. O-O Be7 6. d3 b5 7. Bb3 d6 8. a3 O-O 9. Nc3 Kh8 10. h3 Be6 11. Bxe6 fxe6 12. Ng5 Qd7 13. f4 exf4 14. Rxf4 h6 15. Nf3 g5 16. Rg4 Nxg4 17. hxg4 Bf6 18. Be3 Ne5 19. Nd2 c5 20. Nf1 Nc6 21. Qd2 Bd4 22. Nd1 Qf7 23. Nf2 Bxb2 0-1